 Dungeon Crawl Stone Soup version 0.25-a0-663-gace7076f2c (webtiles) character file.

Game seed: 14150702529473022093, levelgen mode: deterministic

21 CryoSword the Ruffian (level 2, 0/23 HPs)
             Began as a Draconian Transmuter on Mar 25, 2020.
             Succumbed to an adder's poison
             ... on level 1 of the Dungeon.
             The game lasted 00:02:04 (756 turns).

CryoSword the Ruffian (Draconian Transmuter)         Turns: 756, Time: 00:02:05

Health: 0/23       AC:  4    Str: 12    XL:     2   Next: 62%
Magic:  4/5        EV: 12    Int: 13    God:
Gold:   47         SH:  0    Dex: 11    Spells: 2/5 levels left

rFire    . . .     SeeInvis .     - Unarmed
rCold    . . .     Gourm    .   (no shield)
rNeg     . . .     Faith    .   (armour unavailable)
rPois    .         Spirit   .   (helmet restricted)
rElec    .         Reflect  .   (no cloak)
rCorr    .         Harm     .   (no gloves)
MR       .....                  (boots currently unavailable)
Stlth    +.........             (no amulet)
HPRegen  0.07/turn              (no ring)
MPRegen  0.09/turn              (no ring)

@: lethally poisoned (0 -> -7), appendage (expiring)
A: unfitting armour, talons 3, cold-blooded, AC +4
a: End Transformation


You were on level 1 of the Dungeon.
You were not hungry.
You had grown temporary talons.
You visited 1 branch of the dungeon, and saw 2 of its levels.

You collected 47 gold pieces.

Inventory:

Missiles
 a - 12 arrows
 b - 6 curare-tipped darts
 g - 66 stones (quivered)
Scrolls
 d - a scroll of immolation {unknown}
 e - a scroll of fear {unknown}
 i - a scroll of fog {unknown}
Potions
 h - a potion of lignification {unknown}
Comestibles
 c - 2 rations {!d}
 f - a chunk of flesh


   Skills:
 + Level 1.6 Fighting
 + Level 2.0 Dodging
 * Level 3.4 Unarmed Combat
 - Level 2.0 Spellcasting
 + Level 2.2 Transmutations


You had 2 spell levels left.
You knew the following spells:

 Your Spells              Type           Power        Failure   Level  Hunger
a - Beastly Appendage     Tmut           #.....       10%         1    ##.....
b - Sticks to Snakes      Tmut           #.......     16%         2    ###....

Your spell library contained the following spells:

 Spells                   Type           Power        Failure   Level  Hunger
 Spider Form              Tmut/Pois      #.........   43%         3    ####...
 Ice Form                 Ice/Tmut       #.......     85%         4    #####..
 Blade Hands              Tmut           #.........   95%         5    ######.


Dungeon Overview and Level Annotations

Branches:
Dungeon (2/15)

Altars:


Innate Abilities, Weirdness & Mutations

Your plain brown scales are hard. (AC +4)
You cannot fit into any form of body armour.
You are cold-blooded and may be slowed by cold attacks.
You have claws for feet.


Message History

You see here a rat skeleton. x2
Found 30 bolts.
You now have 47 gold pieces (gained 3).
Your talons disappear.
You see here a ring mail.
You fall into a shaft and drop 1 floor!
The shaft crumbles and collapses.
A kobold comes into view. It is wielding a +0 dagger.
The kobold shouts!
An adder comes into view.
The adder hisses angrily.
You hear an angry hiss.
A ball python comes into view.
The ball python hisses angrily.
Found 2 atropa-tipped darts, 10 gold pieces, a cyan potion and a dagger.
An adder comes into view.
The adder hisses angrily.
The kobold throws a stone.
The stone closely misses you.
A frilled lizard comes into view.
You see here a stone.
The kobold throws a stone.
The stone misses you.
You see here a stone.
The kobold throws a stone.
The stone hits you but does no damage.
You see here a stone.
A jackal comes into view.
The jackal barks!
You hear a bark!
A jackal comes into view.
Found a golden potion.
A jackal comes into view.
The jackal barks!
A jackal comes into view.
The jackal moves out of view.
The jackal barks!
The ball python bites you but does no damage.
The ball python closely misses you.
Found a stone staircase leading down.
The jackal closely misses you. The jackal bites you.
The jackal bites you but does no damage.
The jackal closely misses you.
The jackal bites you but does no damage.
The jackal closely misses you.
Found a scroll labeled WOATUT KEAR.
Found 16 gold pieces.
Found a ration.
Found an escape hatch in the floor.
The jackal bites you but does no damage.
The jackal barely misses you.
Found a ration.
A goblin comes into view.
The goblin moves out of view.
A kobold comes into view. It is wielding a -3 short sword.
The jackal barely misses you.
The goblin shouts!
The jackal bites you. The adder bites you.
You are poisoned.
The adder poisons you!
Found a scroll labeled WOITIB PIWKOSIMP.
You feel sick. The jackal closely misses you.
You feel sick. The adder misses you.
A bat comes into view.
You feel sick. The adder barely misses you.
You feel sick.
Found a dagger.
The adder completely misses you. The bat barely misses you.
An adder comes into view.
The jackal barely misses you. The bat closely misses you.
Unknown command.
The adder hisses angrily.
The bat hits you. The jackal closely misses you.
You feel sick. The jackal barely misses you.
Found 22 stones.
The jackal closely misses you.
You feel sick.
You are no longer poisoned.
Found a stone staircase leading up.
You see here 22 stones.
The jackal stops to sniff the ground.
The jackal bites you.
Found a stone staircase leading down.
Unknown command.
The adder barely misses you. The adder closely misses you.
There is a stone staircase leading up here.
The adder misses you.
You climb upwards.
There is a stone staircase leading down here.
The jackal misses you. The jackal closely misses you.
The jackal bites you but does no damage.
The jackal misses you.
The jackal bites you but does no damage.
The jackal bites you but does no damage.
The jackal misses you.
The jackal bites you but does no damage.
The jackal barely misses you. The jackal closely misses you.
The jackal stops to sniff the ground.
The jackal misses you.
The jackal bites you but does no damage.
The jackal bites you but does no damage.
The jackal misses you. The jackal barely misses you.
The jackal bites you but does no damage.
The jackal barely misses you. The jackal bites you.
* * * LOW HITPOINT WARNING * * *
The jackal misses you. The jackal closely misses you.
Casting: Beastly Appendage (safe; 10% risk of failure)
Confirm with . or Enter, or press ? or * to list all spells.
Your feet morph into talons.
Your transformation is almost over.
The jackal bites you.
* * * LOW HITPOINT WARNING * * *
The jackal misses you.
You barely miss the jackal.
The jackal bites you but does no damage.
You hit the jackal but do no damage. You claw the jackal.
The jackal is almost dead.
The jackal bites you but does no damage.
You miss the jackal. You claw the jackal, but do no damage.
The jackal is almost dead.
The jackal barely misses you. x2
You hit the jackal.
You kill the jackal!
You closely miss the adder. You claw the adder.
The adder is heavily wounded.
The adder barely misses you.
You closely miss the adder.
The adder is heavily wounded.
The adder bites you.
* * * LOW HITPOINT WARNING * * *
You closely miss the adder. Your kick misses the adder.
Your tail-slap misses the adder.
The adder is heavily wounded.
The adder bites you.
* * * LOW HITPOINT WARNING * * *
The adder bites you.
* * * LOW HITPOINT WARNING * * *
You closely miss the adder. You claw the adder.
Your tail-slap misses the adder.
The adder is almost dead.
The adder bites you.
* * * LOW HITPOINT WARNING * * *
You are lethally poisoned!
The adder poisons you!
You closely miss the adder. Your kick misses the adder.
The adder is almost dead.
You die...

............#
#####.#.###.#
P≈P'..#.###.####
≈P.##.#........#
P.P##.#####.##.#
..≈##.#####.##.#
P.≈##.......##.#
≈≈.###########[#####
.≈P+ #......@S.#
#### #.###.###.#
#.#.#)# .#
###.....###.###.
+...............
###.......#.###.
#.#...#.#.#
#.........#
#.##.##.###


You could see an adder.

Vanquished Creatures
  A dart slug (D:1)
  3 giant cockroaches (D:1)
  A goblin (D:1)
  A hobgoblin (D:1)
  5 jackals (D:1)
  4 kobolds (D:1)
  2 rats (D:1)
17 creatures vanquished.

Notes
Turn   | Place    | Note
-------+----------+-------------------------------------------
     0 | D:1      | CryoSword the Draconian Transmuter began the quest for the
                  | Orb.
     0 | D:1      | Reached XP level 1. HP: 16/16 MP: 3/3
   177 | D:1      | Reached XP level 2. HP: 23/23 MP: 3/5
   186 | D:1      | Learned a level 2 spell: Sticks to Snakes
   683 | D:1      | You fall into a shaft and drop 1 floor!
   755 | D:1      | HP: 1/23 [adder (4)]
   756 | D:1      | Succumbed to an adder's poison

Levels and vault maps discovered:
D:1:      lightli_arrival_flooded_house, layout_loops_corners,
          minmay_small_reverse_x
D:2:      layout_basic

Skill      XL: |  1  2 |
---------------+-------+-----
Dodging        | 2 |  2.0
Fighting       | |  1.6
Unarmed Combat | |  3.4
Spellcasting   | |  2.0
Transmutations | |  2.2

Action                   || total
-------------------------++-------
Melee: Unarmed           ||    49
       Headbutt          ||     5
       Tailslap          ||     2
       Kick              ||     7
       Punch             ||     1
Throw: Dart              ||     1
 Cast: Beastly Appendage ||     8
Armor: Skin              ||    23
Dodge: Dodged            ||    57

Table legend:
 A = Non-vault XP
 B = Vault XP
 C = Vault XP percentage of total XP
 D = Non-vault monster count
 E = Vault monster count
 F = Vault count percentage of total count
                 A         B        C        D         E       F
            +---------+---------+-------+---------+---------+-------
      Total |      24 |       6 |  20.0 |      13 |       4 |  23.5
            +---------+---------+-------+---------+---------+-------
        D:1 |      24 |       6 |  20.0 |      13 |       4 |  23.5
            +---------+---------+-------+---------+---------+-------
